 Dungeon Crawl Stone Soup version 0.18-a0-1745-gffa9a88 (webtiles) character file.

113 Geeful the Chiller (level 4, -8/27 HPs)
             Began as an Octopode Ice Elementalist on Apr 11, 2016.
             Mangled by boycey94's ghost (16 damage)
             ... in a sewer.
             The game lasted 00:18:20 (2046 turns).

Geeful the Chiller (Octopode Ice Elementalist)      Turns: 2046, Time: 00:18:20

Health: -8/27      AC:  6    Str:  7    XL:     4   Next: 96%
Magic:  0/8        EV: 19    Int: 18    God:
Gold:   61         SH:  0    Dex: 12    Spells: 2 memorised, 4 levels left

rFire  . . .     SeeInvis .     d - +0 short sword
rCold  . . .     Gourm    .     (no shield)
rNeg   . . .     Faith    .     (helmet restricted)
rPois  .         Spirit   .     (no amulet)
rElec  .         Dismiss  .     i - ring of protection from magic
rCorr  .         Reflect  .     n - +6 ring of evasion
SustAt +         Harm     .     w - ring of sustain attributes
MR     +....                    (no ring)
Stlth  +++.......               (no ring)
                                (no ring)
                                (no ring)
                                (no ring)

@: icy armour, very slightly contaminated, slow, somewhat resistant to hostile
enchantments, fairly stealthy
A: almost no armour, amphibious, 8 rings, constrict 8, camouflage 1, gelatinous
body 1
a: no special abilities


You were in a sewer.
You were hungry.

You visited 1 branch of the dungeon, and saw 3 of its levels.
You also visited: Sewer.

You collected 61 gold pieces.

Inventory:

Hand Weapons
 d - a +0 short sword (weapon)
 g - a +0 dagger
Missiles
 j - 7 poisoned needles
 l - 5 javelins (quivered)
Armour
 c - a +0 buckler
Jewellery
 i - a ring of protection from magic (left tentacle)
 n - a +6 ring of evasion (right tentacle)
 w - a ring of sustain attributes (on tentacle)
Scrolls
 h - a scroll of noise
 p - a scroll of enchant armour {unknown}
 r - a scroll of teleportation {unknown}
 s - a scroll of fog {unknown}
 t - a scroll of random uselessness {unknown}
 u - a scroll of fear {unknown}
Potions
 e - a potion of brilliance {unknown}
 f - a potion of curing
 k - a potion of resistance {unknown}
 o - a potion of mutation {unknown}
 v - 2 potions of agility {unknown}
Books
 a - a book of Frost

   Spells                             Type                      Level
   a - Freeze                         Ice                          1
   b - Throw Frost                    Conjuration/Ice              2
   c - Ozocubu's Armour               Charms/Ice                   3
   d - Throw Icicle                   Conjuration/Ice              4
   e - Summon Ice Beast               Ice/Summoning                4
Comestibles
 b - a bread ration
 m - a chunk of flesh
 q - a beef jerky


   Skills:
 + Level 2.8 Dodging
 - Level 2.6 Stealth
 * Level 1.1 Shields
 + Level 2.9 Spellcasting
   Level 1.0 Conjurations
 * Level 4.1 Ice Magic


You had 4 spell levels left.
You knew the following spells:

 Your Spells              Type           Power        Failure   Level  Hunger
a - Freeze                Ice            ###.         3%          1    None
b - Ozocubu's Armour      Chrm/Ice       ##......     24%         3    ###....


Dungeon Overview and Level Annotations

Branches:
Dungeon (3/15)

Altars:
Trog

Annotations:
D:2 Natasha Sewer boycey94's ghost, amateur MiFi


Innate Abilities, Weirdness & Mutations

You cannot wear most types of armour.
You are amphibious.
You can wear up to eight rings at the same time.
You can use your tentacles to constrict eight enemies at once.
Your skin changes colour to match your surroundings (Stealth).
Your rubbery body absorbs attacks (AC +1).


Message History

Aim: boycey94's ghost (almost destroyed)
You miscast Freeze.
You are very lightly contaminated with residual magic.
A chill runs through your body.
Boycey94's ghost whispers, "Everlasting silence awaits you..."
Boycey94's ghost hits you.
You hit boycey94's ghost.
Boycey94's ghost is almost destroyed.
Boycey94's ghost completely misses you.
You barely miss boycey94's ghost.
Boycey94's ghost is almost destroyed.
Boycey94's ghost hits you!
You hit boycey94's ghost. You squeeze boycey94's ghost.
Boycey94's ghost is almost destroyed.
Boycey94's ghost hits you!
* * * LOW HITPOINT WARNING * * *
Drink which item? (? for menu, Esc to quit)
You feel better. Boycey94's ghost hits you!
Ouch! That really hurt!
You die...

#∩# #.#
#+##+##+##.##+##+##+#
#...................####
#≈≈≈≈≈≈≈≈≈.≈≈≈≈≈≈≈≈≈#≈≈≈
#≈≈≈≈≈≈≈≈≈∩≈≈≈≈≈≈≈≈≈#≈≈≈
#≈≈≈≈≈≈≈≈≈.≈≈≈≈≈≈≈≈≈#≈≈≈
#...................#
#'##'##'##'##'##@##+#
#.##.##†##.##.##W#
#.##!##.##.##.##)#
##################


You could see boycey94's ghost.

Vanquished Creatures
  Natasha (D:2)
  An adder (D:3)
  3 river rats (D:3)
  3 dart slugs
  A giant gecko (D:1)
  A ball python (D:3)
  3 bats
  4 giant cockroaches
  6 goblins
  6 hobgoblins
  3 jackals (D:1)
  3 giant newts
  5 kobolds
  5 rats
45 creatures vanquished.

Notes
Turn   | Place    | Note
--------------------------------------------------------------
     0 | D:1      | Geeful the Octopode Ice Elementalist began the quest for the Orb.
     0 | D:1      | Reached XP level 1. HP: 11/11 MP: 3/3
   336 | D:1      | Reached XP level 2. HP: 12/17 MP: 1/5
  1075 | D:1      | Reached XP level 3. HP: 21/21 MP: 6/6
  1465 | D:2      | Found a bloodstained altar of Trog.
  1466 | D:2      | Noticed Natasha
  1480 | D:2      | Killed Natasha
  1480 | D:2      | Reached skill level 4 in Ice Magic
  1480 | D:2      | Reached XP level 4. HP: 20/27 MP: 6/8
  1697 | D:2      | Noticed Natasha
  1799 | D:3      | Found a glowing drain.
  1929 | D:3      | Reached skill level 1 in Shields
  1940 | Sewer    | Entered a sewer
  1977 | Sewer    | Learned a level 3 spell: Ozocubu's Armour
  2030 | Sewer    | Noticed boycey94's ghost (amateur MiFi)
  2045 | Sewer    | HP: 1/27 [boycey94's ghost (8)]
  2046 | Sewer    | Mangled by boycey94's ghost

Vault maps used:
D:1:      minmay_arrival_radiant_lines
D:2:      trog_hazing_becter, uniq_natasha
D:3:      overflow_temple_1_default, old_standard_altar, old_standard_altar,
          portal_sewer_entry_b, serial_bayou_pond_e, uniq_jessica, uniq_iyjb
Sewer:    kennysheep_door_sewer

Skill      XL: |  1  2  3  4 |
---------------+-------------+-----
Ice Magic      | 4 |  4.1
Shields        | 1 |  1.1
Dodging        | |  2.8
Stealth        | |  2.6
Spellcasting   | |  2.9
Conjurations   | |  1.0

Action                   |  1- 3 |  4- 6 || total
-------------------------+-------+-------++-------
Melee: Unarmed           |    14 |       ||    14
       Dagger            |    16 |       ||    16
       Short sword       |    34 |    35 ||    69
 Cast: Freeze            |     8 |    10 ||    18
       Ozocubu's Armour  |       |     2 ||     2
  Use: Scroll            |     2 |     3 ||     5
       Potion            |       |     1 ||     1
 Stab: Sleeping          |     9 |     4 ||    13
       Distracted        |     2 |       ||     2
  Eat: Chunk             |     2 |     1 ||     3
